Map: 데스오라 - 래더

Players

속터진계란

  • Race: Terran Terran
  • Spawn Location: 5:00

fggfgfdd - Winner!

  • Race: Terran Terran
  • League: Gold
  • Spawn Location: 11:00

VOD

Have the link to the VOD?

Description

Time

  • Played on: Feb. 8, 2021, 10:36 p.m.
  • Length: 14:24
Show
View Real Time Build Order
Export as new Build Order

속터진계란 Terran 

Build Orders: Reaper Expand 

Get SALT Encoding   

  12  0:00  SCV  
  13  0:12  SCV  
  14  0:16  Supply Depot  
  14  0:24  SCV  
  15  0:38  SCV  
  15  0:40  Barracks  
  16  0:45  Refinery  
  16  0:50  SCV  
  17  1:02  SCV  
  18  1:14  SCV  
  19  1:28  Orbital Command, Reaper  
  20  1:42  Command Center  
  20  1:53  SCV  
  21  1:59  Supply Depot  
  21  2:01  Refinery  
  21  2:02  Barracks Reactor  
  21  2:05  SCV  
  21  2:18  SCV  
  22  2:25  Factory  
  22  2:30  SCV  
  23  2:39  Marine x2  
  23  2:42  SCV  
  26  2:51  Barracks  
  26  2:54  Orbital Command, SCV  
  27  3:06  SCV  
  27  3:12  Marine x2  
  28  3:13  Factory Tech Lab  
  28  3:18  SCV  
  31  3:22  SCV  
  32  3:30  SCV  
  32  3:34  SCV, Marine x2  
  34  3:35  Siege Tank  
  34  3:38  Barracks Tech Lab  
  34  3:39  Starport  
  39  3:47  SCV x2  
  39  3:48  Bunker  
  41  3:54  Marine x2  
  43  3:57  Stimpack  
  43  3:58  Marine  
  43  3:59  SCV x2  
  46  4:16  Supply Depot  
  46  4:18  Supply Depot  
  46  4:22  Refinery x2  
  46  4:33  Starport Reactor  
  46  4:36  Supply Depot  
  46  4:38  Marine x3, SCV x2  
  51  4:49  Command Center  
  51  4:50  SCV x2  
  51  4:51  Siege Tank  
  56  4:57  Marine x3  
  59  5:02  SCV x2  
  61  5:12  Medivac x2  
  65  5:14  SCV x2, Supply Depot  
  67  5:24  Supply Depot  
  67  5:26  SCV x2, Supply Depot  
  69  5:30  Marine  
  70  5:36  Marine x2, Barracks  
  70  5:37  Barracks  
  70  5:38  Combat Shield  
  70  5:40  SCV x2  
  74  5:48  Medivac x2  
  78  5:51  Siege Tank  
  78  5:55  Marine x3  
  84  5:59  SCV  
  84  6:00  SCV  
  86  6:11  Engineering Bay x2  
  86  6:12  SCV  
  86  6:13  Armory  
  86  6:15  SCV  
  88  6:22  Supply Depot  
  88  6:24  Barracks Reactor  
  88  6:25  Barracks Reactor  
  88  6:30  SCV x2  
  90  6:37  Supply Depot  
  90  6:42  Orbital Command  
  90  6:46  Supply Depot  
  90  6:55  Marine x3  
  90  6:56  SCV x2  
  90  6:59  Orbital Command  
  90  7:08  Marine x2  
  90  7:09  Marine x2  
  90  7:13  Marine x3, Command Center  
  94  7:22  Terran Infantry Weapons Level 1, Terran Vehicle Weapons Level 1, Terran Infantry Armor Level 1  
  94  7:24  SCV x2  
  94  7:26  Marine x4  
  94  7:27  Refinery  
  94  7:28  Refinery  
  100  7:33  Marine x2  
  100  7:34  Marine  
  100  7:35  Siege Tank  
  106  7:40  SCV x2  
  106  7:41  SCV  
  109  7:44  Marine x4  
  109  7:50  Medivac x2  
  117  7:52  SCV  
  117  7:53  SCV x2  
  120  8:01  Supply Depot x3  
  120  8:05  SCV x3  
  123  8:11  Marine x7  
  128  8:17  SCV x3  
  129  8:24  Missile Turret  
  129  8:28  Missile Turret  
  129  8:30  Missile Turret  
  129  8:31  Missile Turret  
  129  8:35  Missile Turret x2  
  129  8:38  Missile Turret  
  117  8:54  Marine x7  
  100  8:56  Medivac  
  100  8:59  Orbital Command  
  102  9:11  Marine  
  102  9:12  Marine x6  
  109  9:22  Starport, Barracks x2  
  109  9:24  Barracks  
  109  9:26  Sensor Tower  
  109  9:32  Marine x7  
  115  9:42  Viking x2  
  115  9:43  Siege Tank  
  122  9:49  Marine x2  
  122  9:50  Marine x5  
  129  10:02  Orbital Command  
  129  10:07  Marine x4, Supply Depot x2, Terran Infantry Weapons Level 2  
  129  10:08  Marine x3, Ghost Academy  
  129  10:09  Terran Infantry Armor Level 2  
  136  10:15  Barracks Tech Lab, Siege Tank, Barracks Reactor x2  
  136  10:18  Concussive Shells  
  139  10:24  SCV x3  
  139  10:25  Starport Reactor  
  114  10:36  SCV x3  
  96  10:44  Marine x8  
  104  10:51  Marine x4  
  104  10:53  Viking  
  104  10:55  Viking  
  112  11:01  Medivac x2  
  112  11:02  Marine x6  
  112  11:03  Marauder x2  
  126  11:08  Terran Vehicle Weapons Level 2  
  126  11:09  Marine x4  
  130  11:18  Sensor Tower  
  130  11:20  Refinery  
  130  11:21  Refinery  
  130  11:23  Missile Turret x2  
  130  11:24  SCV x4  
  134  11:26  Marine x3  
  134  11:27  Marine x5  
  134  11:28  Marine x2  
  134  11:29  Marauder x2  
  134  11:30  Siege Tank  
  151  11:36  SCV x4  
  152  11:45  Missile Turret  
  152  11:46  Marine x8  
  152  11:47  Marine x2  
  160  11:48  Personal Cloaking  
  160  11:50  Marauder x2  
  166  12:03  Marine  
  166  12:04  Marine x3  
  147  12:18  Marine x6, Marauder x2  
  147  12:21  Marine x2  
  147  12:22  Marine x2  
  153  12:25  Siege Tank, Viking  
  153  12:26  Viking x2  
  153  12:27  Viking  
  164  12:36  Marine x6  
  170  12:39  Marauder x2  
  170  12:42  Sensor Tower  
  174  12:55  Medivac x2  
  174  12:57  Siege Tank  
  181  13:05  Command Center  
  181  13:48  Medivac x3  
Show
View Real Time Build Order
Export as new Build Order

fggfgfdd Terran - Winner!

Build Orders: Reaper Expand 

Get SALT Encoding   

  12  0:00  SCV  
  13  0:12  SCV  
  14  0:17  Supply Depot  
  14  0:25  SCV  
  15  0:38  SCV  
  15  0:39  Barracks  
  16  0:48  Refinery  
  16  0:50  SCV  
  17  1:02  SCV  
  18  1:14  SCV  
  19  1:34  Reaper, Command Center  
  19  1:39  Orbital Command  
  20  1:53  Supply Depot  
  20  2:06  Marine, SCV  
  22  2:15  Factory  
  22  2:31  SCV  
  22  2:34  Refinery, Barracks Reactor  
  22  2:49  SCV  
  21  3:12  Orbital Command  
  21  3:17  Marine x2  
  21  3:18  Factory Tech Lab  
  23  3:25  Starport  
  23  3:36  Marine x2  
  23  3:37  Siege Tank  
  23  3:41  SCV  
  29  3:44  SCV  
  30  3:53  SCV  
  31  3:56  Marine x2, SCV  
  34  4:05  SCV, Medivac  
  34  4:08  SCV  
  38  4:15  Barracks  
  38  4:16  Siege Tank, Barracks  
  41  4:17  SCV  
  41  4:20  SCV  
  43  4:26  Refinery  
  43  4:29  SCV  
  44  4:32  Marine x2  
  44  4:36  Starport Reactor  
  46  4:43  Supply Depot  
  46  4:44  Supply Depot  
  46  4:47  SCV x2  
  46  4:52  Marine x2  
  48  4:55  Siege Tank  
  48  4:59  SCV  
  54  5:02  Engineering Bay  
  54  5:04  SCV  
  55  5:11  SCV  
  56  5:15  Barracks Tech Lab  
  56  5:16  SCV  
  56  5:18  Barracks Tech Lab  
  56  5:19  Liberator  
  60  5:23  SCV  
  61  5:28  SCV, Refinery  
  61  5:31  Marine x2  
  61  5:33  Siege Tank  
  68  5:42  SCV  
  68  5:43  SCV  
  68  5:55  SCV x2  
  70  6:03  Supply Depot  
  70  6:04  Supply Depot  
  70  6:21  Command Center  
  70  6:24  Marine x2  
  70  6:25  Marauder x2, Liberator  
  76  6:27  SCV x2  
  81  6:38  Medivac  
  81  6:39  Siege Tank  
  86  6:43  Marine  
  86  6:44  Marine  
  63  7:09  Marine x3  
  63  7:15  SCV x2  
  68  7:19  Medivac x2  
  68  7:22  Marine  
  72  7:25  Siege Tank  
  72  7:27  Terran Infantry Weapons Level 1, SCV x2, Marine x2  
  80  7:39  SCV x2  
  82  7:48  Barracks Tech Lab  
  82  7:49  Barracks Tech Lab, Refinery  
  82  7:50  Marine x2  
  84  7:53  Viking  
  84  7:58  Viking  
  88  7:59  Supply Depot  
  88  8:00  Supply Depot  
  88  8:10  Marine x4  
  92  8:13  SCV x2  
  94  8:25  SCV  
  95  8:28  Siege Tank  
  95  8:30  Viking x2  
  91  8:57  Marine x2  
  91  8:58  Marine x2, Combat Shield, Stimpack  
  95  9:09  Planetary Fortress  
  95  9:10  SCV x2  
  95  9:15  Marine x3  
  95  9:16  Marine  
  101  9:18  Viking x2  
  101  9:22  SCV  
  106  9:25  Terran Infantry Armor Level 1  
  106  9:33  Marine x2  
  106  9:37  Supply Depot  
  108  9:40  Supply Depot  
  108  9:56  Marine x2  
  108  9:57  Marine x2  
  108  9:59  Siege Tank  
  115  10:01  Medivac x2  
  115  10:05  SCV x3  
  122  10:14  Marine  
  122  10:17  SCV x3  
  86  10:47  Marine x2  
  86  10:48  Marauder x2  
  89  10:50  Siege Tank  
  89  10:52  Liberator x2  
  99  10:57  SCV x3  
  99  11:00  Refinery  
  99  11:03  Command Center, Refinery  
  101  11:05  Marine x2  
  101  11:08  Barracks  
  101  11:09  Marine x2, Barracks  
  101  11:11  Barracks  
  105  11:14  Factory  
  105  11:23  Armory  
  103  12:07  Marine  
  103  12:08  Marine x3  
  79  12:22  Marine x2  
  69  12:25  Marine x3, Siege Tank  
  69  12:26  Marine, Medivac x2  
  78  12:40  Marine x2  
  78  12:43  Marine x2  
  86  12:44  Marauder x2  
  86  12:51  Factory Tech Lab  
  86  12:57  Siege Tank  
  86  13:05  Marauder  
  60  13:29  Siege Tank  
Tags
 
Add a new tag
Caveats
  • Supply blocks, unpowered buildings, or Contaminate may cause inaccurate times.
  • Supply counts are checked every 10 seconds.